 Dungeon Crawl Stone Soup version 0.21-a0-531-gacddea6 (webtiles) character file.

22348 kiturien the Peltast (level 12, -2/101 HPs)
             Began as a Minotaur Fighter on Dec 13, 2017.
             Was an Elder of Wu Jian.
             Slain by a deep troll earth mage (13 damage)
             ... on level 12 of the Dungeon.
             The game lasted 00:27:51 (13011 turns).

kiturien the Peltast (Minotaur Fighter)            Turns: 13011, Time: 00:27:53

Health: -2/101     AC: 14    Str: 27    XL:     12   Next: 62%
Magic:  9/9        EV: 16    Int:  3    God:    Wu Jian [****..]
Gold:   708        SH: 21    Dex: 13    Spells: 10/11 levels left

rFire    + . .     SeeInvis .   J - +9 dagger of Daicair {freeze, +Blink rPois rF+ MR+}
rCold    . . .     Gourm    .   c - +0 shield
rNeg     . . .     Faith    .   N - +0 chain mail
rPois    +         Spirit   .   (helmet unavailable)
rElec    +         Reflect  +   y - +2 cloak
rCorr    .         Harm     .   (no gloves)
MR       +....                  (no boots)
Stlth    ..........             H - +5 amulet of reflection
HPRegen  0.26/turn              p - +5 ring of evasion
MPRegen  0.11/turn              O - ring of poison resistance

@: no status effects
A: retaliatory headbutt, horns 3, agile 1, dopey 1, low mp 1, sense surroundings
1, electricity resistance, strong 1, subdued magic 1
a: Serpent's Lash, Renounce Religion, Evoke Blink


You were on level 12 of the Dungeon.
You worshipped Wu Jian.
Wu Jian was greatly pleased with you.
You were hungry.

You visited 2 branches of the dungeon, and saw 13 of its levels.
You also visited: Ossuary.

You collected 708 gold pieces.

Inventory:

Hand Weapons
 I - a +5 scimitar of flaming
 J - the +9 dagger of Daicair (weapon) {freeze, +Blink rPois rF+ MR+}
   (You found it on level 7 of the Dungeon)

   It has been specially enchanted to freeze those struck by it, causing extra
   injury to most foes and up to half again as much damage against particularly
   susceptible opponents.
   It can also slow down cold-blooded creatures.
   It protects you from fire.
   It protects you from poison.
   It affects your resistance to hostile enchantments.
   It lets you blink.
Armour
 c - a +0 shield (worn)
 y - a +2 cloak (worn)
 N - a +0 chain mail (worn)
Jewellery
 k - an uncursed amulet of the gourmand
 p - a +5 ring of evasion (left hand)
 C - an uncursed ring of positive energy
 H - a +5 amulet of reflection (around neck)
 O - a ring of poison resistance (right hand)
 P - an uncursed ring of see invisible
Wands
 A - a wand of paralysis (7)
 D - a wand of polymorph (14)
 E - a wand of random effects (34)
 G - a wand of flame (26)
Scrolls
 h - 3 scrolls of fog
 o - 5 scrolls of noise
 q - 3 scrolls of magic mapping
 r - 9 scrolls of immolation
 s - 8 scrolls of teleportation
 u - 5 scrolls of blinking
 B - 5 scrolls of remove curse
Potions
 a - a potion of brilliance {unknown}
 d - 5 potions of might
 e - 3 potions of cancellation {unknown}
 g - 5 potions of flight
 l - a potion of resistance {unknown}
 v - 2 potions of heal wounds
 w - 2 potions of haste
 z - 11 potions of curing
 K - 2 potions of berserk rage
 L - a potion of magic
Comestibles
 f - 6 bread rations
 i - 6 meat rations
 j - 3 chunks of flesh
 m - 7 fruits
 t - 3 royal jellies


   Skills:
 - Level 7.7 Fighting
 - Level 10.0 Long Blades
 - Level 8.2 Armour
 - Level 5.3 Dodging
 - Level 0.2 Stealth
 + Level 19.6 Shields


You had 10 spell levels left.
You knew the following spells:

 Your Spells              Type           Power        Failure   Level  Hunger
a - Apportation           Tloc           #.....       95%         1    ##.....


Dungeon Overview and Level Annotations

Branches:
Dungeon (12/15)            Temple (1/1) D:6            Lair (0/6) D:11
    Orc: D:9-12

Altars:
Ashenzari
Cheibriados
Dithmenos
Elyvilon
Fedhas
Gozag
Hepliaklqana
Kikubaaqudgha
Makhleb
Nemelex Xobeh
Okawaru
Qazlal
Ru
Sif Muna
Trog
Uskayaw
Vehumet
Wu Jian
Xom
Yredelemnul
Zin
The Shining One

Shops:
D:8 =


Innate Abilities, Weirdness & Mutations

You reflexively headbutt those who attack you in melee.
You have a pair of large horns on your head.
You are agile. (Dex +2)
You are dopey. (Int -2)
Your magical capacity is low. (-10% MP)
You passively map a small area around you.
You are resistant to electric shocks. (rElec)
Your muscles are strong. (Str +2)
Your spells are a little easier to cast, but a little less powerful.


Message History

Something barely misses you. The sphinx hits you!
* * * LOW HITPOINT WARNING * * *
The sphinx hits you but does no damage. You block the sphinx's attack.
You block the deep troll earth mage's attack.
The deep troll earth mage claws you but does no damage.
You block the deep troll earth mage's attack.
You feel much better. Something barely misses you.
You block the sphinx's attack. x2; The sphinx hits you.
* * * LOW HITPOINT WARNING * * *
The deep troll earth mage bites you!
* * * LOW HITPOINT WARNING * * *
The deep troll earth mage claws you but does no damage.
The deep troll earth mage barely misses you.
You puncture the sphinx! You freeze the sphinx.
The sphinx is heavily wounded.
Something hits you but does no damage. You block the sphinx's attack. x3
The deep troll earth mage bites you!
* * * LOW HITPOINT WARNING * * *
The deep troll earth mage claws you!
You die...

#...###§§)§....#§.....§#
#...# #§≈≈...HT#§....§§#
#...# #≈§≈≈§.§.'§§....≈#
##### #≈≈≈≈§..§'......§#
# ####≈≈≈≈§#......§# #
#..#######.....§§#
#######.....#####.÷...##
................##'C'##
######......###.@T...# #
##.....# ###H#### #
#.....# ,## # #.....# #
####### ,** # **,* *


You could see a sphinx, a cyclops and a deep troll earth mage.

Vanquished Creatures
  An ettin (D:12)
  Erica (D:9)
  3 two-headed ogres
  The ghost of Nattefrost the Cruncher, a novice HuCK of Xom (D:7)
  5 death yaks
  An unseen horror (D:12)
  2 ugly things
  A gargoyle (D:10)
  A tengu conjurer (D:12)
  Prince Ribbit (D:8)
  3 slime creatures (D:12)
  4 hippogriffs
  A vampire (D:11)
  A wyvern (D:12)
  15 yaks
  A wraith (D:9)
  2 hungry ghosts
  A steam dragon (D:9)
  Menkaure (D:7)
  An acid dragon (D:11)
  2 black bears (D:10)
  4 orc warriors
  3 sky beasts
  A necrophage (D:9)
  5 ice beasts
  2 phantoms
  12 ogres
  4 centaurs
  A crocodile (D:12)
  2 big kobolds (D:10)
  9 bullfrogs
  A gnoll sergeant (D:10)
  A water moccasin skeleton (D:4)
  3 killer bees (D:7)
  4 scorpions
  2 howler monkeys (D:11)
  2 lava snakes (D:12)
  5 crimson imps
  2 centaur zombies
  A quasit (D:9)
  9 orc priests
  10 hounds
  3 jellies
  9 orc wizards
  Crazy Yiuf (D:3)
  A centaur skeleton (D:9)
  A gnoll shaman (D:6)
  Jessica (D:3)
  3 iguanas
  7 worker ants
  A hound skeleton (D:10)
  3 worker ant zombies
  Robin (D:3)
  5 mummies (Ossuary)
  10 gnolls
  16 adders
  3 shadow imps
  An ooze (D:3)
  2 adder skeletons
  2 worms
  3 dart slugs
  6 leopard geckos
  39 orcs
  A ball python (D:6)
  8 giant cockroaches
  2 gnoll zombies (Ossuary)
  7 hobgoblins
  11 jackals
  13 kobolds
  5 quokkas
  A bat (D:3)
  2 frilled lizards
  13 goblins
  A hobgoblin zombie (Ossuary)
  2 jackal skeletons
  4 orc zombies (Ossuary)
  A quokka skeleton (D:7)
  10 rats
  A fungus (D:3)
332 creatures vanquished.

Vanquished Creatures (others)
  A centaur (D:9)
1 creature vanquished.

Grand Total: 333 creatures vanquished

Notes
Turn   | Place    | Note
-------+----------+-------------------------------------------
     0 | D:1      | kiturien the Minotaur Fighter began the quest for the Orb.
     0 | D:1      | Reached XP level 1. HP: 19/19 MP: 0/0
   299 | D:1      | Reached XP level 2. HP: 19/27 MP: 1/1
   673 | D:1      | Reached skill level 4 in Shields
   858 | D:2      | Reached skill level 1 in Dodging
   861 | D:2      | Reached XP level 3. HP: 17/33 MP: 2/2
  1198 | D:2      | Found a stormy altar of Qazlal.
  1475 | D:2      | Found a shimmering altar of Xom.
  1483 | D:2      | Found a radiant altar of Vehumet.
  1605 | D:3      | Noticed an ogre
  1610 | D:3      | Killed an ogre
  1610 | D:3      | Reached XP level 4. HP: 6/41 MP: 3/3
  1610 | D:3      | Reached XP level 5. HP: 6/47 MP: 4/4
  2138 | D:3      | Noticed Robin
  2148 | D:3      | Killed Robin
  2415 | D:3      | Noticed Jessica
  2426 | D:3      | Killed Jessica
  2530 | D:3      | Found a runed door.
  2534 | D:3      | Noticed Crazy Yiuf
  2537 | D:3      | Killed Crazy Yiuf
  2537 | D:3      | Reached skill level 5 in Armour
  2537 | D:3      | Reached XP level 6. HP: 55/55 MP: 5/5
  2953 | D:4      | Reached skill level 5 in Long Blades
  2953 | D:4      | Reached skill level 5 in Shields
  3106 | D:4      | Reached skill level 5 in Fighting
  3741 | D:4      | Reached XP level 7. HP: 59/61 MP: 6/6
  4570 | D:5      | Entered Level 5 of the Dungeon
  4959 | D:5      | Reached skill level 6 in Shields
  4959 | D:5      | Reached XP level 8. HP: 65/69 MP: 7/7
  5843 | D:6      | Found a staircase to the Ecumenical Temple.
  5857 | Temple   | Entered the Ecumenical Temple
  6104 | D:6      | Reached skill level 7 in Shields
  6302 | D:6      | Found a hide-covered altar of Uskayaw.
  6308 | D:6      | Reached XP level 9. HP: 64/78 MP: 8/8
  6318 | D:6      | Found a sparkling altar of Nemelex Xobeh.
  6318 | D:6      | Found a sacrificial altar of Ru.
  6318 | D:6      | Found a white marble altar of Elyvilon.
  6318 | D:6      | Found a glowing silver altar of Zin.
  6319 | D:6      | Found a blossoming altar of Fedhas.
  6319 | D:6      | Found a shadowy altar of Dithmenos.
  6320 | D:6      | Found an ancient bone altar of Kikubaaqudgha.
  6322 | D:6      | Found an iron altar of Okawaru.
  6323 | D:6      | Found an ornate altar of the Wu Jian Council.
  6326 | D:6      | Became a worshipper of the Wu Jian Council
  6771 | D:7      | Identified the +9 dagger of Daicair {freeze, +Blink rPois rF+ MR+} (You found it on level 7 of the Dungeon)
  6951 | D:7      | Noticed Menkaure
  6960 | D:7      | Killed Menkaure
  7005 | D:7      | Noticed Nattefrost's ghost (novice HuCK)
  7296 | D:6      | Reached skill level 14 in Shields
  7296 | D:6      | Reached XP level 10. HP: 84/84 MP: 9/9
  7480 | D:7      | Killed Nattefrost's ghost
  7480 | D:7      | Reached * piety under Wu Jian
  7876 | D:8      | Noticed Prince Ribbit
  7881 | D:8      | Killed Prince Ribbit
  7895 | D:8      | Found a sand-covered staircase.
  7900 | Ossuary  | Entered an ossuary
  8282 | D:8      | Found Ciam Bul's Jewellery Shoppe.
  8364 | D:8      | Reached ** piety under Wu Jian
  8378 | D:8      | Reached skill level 5 in Dodging
  9086 | D:8      | Learned a level 1 spell: Apportation
  9390 | D:9      | Reached XP level 11. HP: 90/93 MP: 10/10
  9481 | D:9      | Reached skill level 10 in Long Blades
  9995 | D:9      | Noticed Erica
 10015 | D:9      | Killed Erica
 10015 | D:9      | Reached skill level 15 in Shields
 10260 | D:10     | Entered Level 10 of the Dungeon
 10321 | D:10     | Reached *** piety under Wu Jian
 10342 | D:10     | Noticed a two-headed ogre
 10351 | D:10     | Killed a two-headed ogre
 10457 | D:10     | Reached skill level 16 in Shields
 11279 | D:11     | Reached **** piety under Wu Jian
 11379 | D:11     | Noticed a two-headed ogre
 11383 | D:11     | Noticed a death yak
 11388 | D:11     | Noticed a death yak
 11403 | D:11     | Noticed a death yak
 11405 | D:11     | Noticed a death yak
 11419 | D:11     | Noticed a death yak
 11419 | D:11     | Killed a death yak
 11419 | D:11     | Reached skill level 17 in Shields
 11423 | D:11     | Noticed a red ugly thing
 11428 | D:11     | Killed a two-headed ogre
 11447 | D:11     | Killed a death yak
 11477 | D:11     | Killed a death yak
 11477 | D:11     | Reached XP level 12. HP: 38/101 MP: 11/11
 11509 | D:10     | Killed a death yak
 11725 | D:11     | Reached skill level 18 in Shields
 11994 | D:11     | Killed a death yak
 12165 | D:11     | Found a staircase to the Lair.
 12627 | D:12     | Noticed a two-headed ogre
 12635 | D:12     | Killed a two-headed ogre
 12640 | D:12     | Reached skill level 19 in Shields
 12657 | D:12     | Gained mutation: You have a pair of large horns on your head. [potion of mutation]
 12657 | D:12     | Gained mutation: Your body sometimes deteriorates upon taking damage. [potion of mutation]
 12657 | D:12     | Gained mutation: Scrolls take you a little longer to read. [potion of mutation]
 12657 | D:12     | Gained mutation: You evolve. [potion of mutation]
 12658 | D:12     | Lost mutation: Scrolls take you a little longer to read. [potion of mutation]
 12658 | D:12     | Lost mutation: You evolve. [potion of mutation]
 12658 | D:12     | Lost mutation: Your body sometimes deteriorates upon taking damage. [potion of mutation]
 12658 | D:12     | Gained mutation: You tend to lose your temper in combat. [potion of mutation]
 12658 | D:12     | Gained mutation: Your spells are a little easier to cast, but a little less powerful. [potion of mutation]
 12658 | D:12     | Gained mutation: You often lose your temper in combat. [potion of mutation]
 12658 | D:12     | Gained mutation: You are resistant to electric shocks. (rElec) [potion of mutation]
 12681 | D:12     | Lost mutation: You often lose your temper in combat. [mutagenic meat]
 12683 | D:12     | Gained mutation: You are agile. (Dex +2) [mutagenic meat]
 12684 | D:12     | Lost mutation: You tend to lose your temper in combat. [mutagenic meat]
 12686 | D:12     | Gained mutation: You are dopey. (Int -2) [mutagenic meat]
 12922 | D:12     | Gained mutation: Your muscles are strong. (Str +2) [mutagenic meat]
 12923 | D:12     | Gained mutation: You passively map a small area around you. [mutagenic meat]
 12924 | D:12     | Gained mutation: Your magical capacity is low. (-10% MP) [mutagenic meat]
 12964 | D:12     | Found a runed gate.
 12964 | D:12     | Found a runed gate.
 12964 | D:12     | Found a runed gate.
 12977 | D:12     | Noticed a sphinx
 12977 | D:12     | Noticed an ettin
 12977 | D:12     | Noticed a deep troll earth mage
 12999 | D:12     | HP: 5/101 [ettin/dire flail (18)]
 13003 | D:12     | Killed an ettin
 13004 | D:12     | HP: 5/101 [something (1)]
 13011 | D:12     | Slain by a deep troll earth mage

Vault maps used:
D:1:      sevenhm_arrival_forest_fort_small_5
D:2:      amethyst_overflow_temple_binary, grunt_qazlal_clouds,
          mrwooster_statue_mirror
D:3:      uniq_jessica, uniq_crazy_yiuf_cottage, uniq_robin
D:4:      first_bread, minmay_cupped
D:5:      minmay_misc_feat_iff, minmay_small_thing
D:6:      minitemple, minmay_temple_entry_statues_fountains
D:7:      uniq_menkaure
D:8:      nicolae_ossuary_entry_false_entrances, serial_shops, shop,
          uniq_prince_ribbit1
D:9:      wad_river_or_something, uniq_erica
D:11:     statuecave_lemuel, dpeg_lair_monsters
D:12:     kennysheep_treasure_stockpile, erik_orc_1
Temple:   compressed_dpeg_triangle_lava_temple
Ossuary:  ossuary_crypta

Skill      XL: |  1  2  3  4  5  6  7  8  9 10 11 12 |
---------------+-------------------------------------+-----
Armour         | 4 5 6 7 8 |  8.2
Shields        | 4 5 6 7 14 17 19 | 19.6
Fighting       | 4 5 6 7 |  7.7
Dodging        | 1 2 3 4 5 |  5.3
Long Blades    | 3 4 5 7 9 10 | 10.0
Stealth        | |  0.2

Action                   |  1- 3 |  4- 6 |  7- 9 | 10-12 || total
-------------------------+-------+-------+-------+-------++-------
Melee: Long sword        |   111 |   149 |   206 |       ||   466
       Headbutt          |    16 |    33 |    50 |   195 ||   294
       Dagger            |       |       |    28 |   813 ||   841
  Use: Potion            |     2 |       |     2 |     4 ||     8
       Scroll            |       |       |     5 |    21 ||    26
  Eat: Chunk             |    16 |     6 |    12 |    17 ||    51
       Bread ration      |       |       |       |     1 ||     1
Armor: Scale mail        |    40 |    37 |    53 |    30 ||   160
       Chain mail        |       |       |       |    81 ||    81
Dodge: Dodged            |    29 |    42 |    81 |   170 ||   322
Block: Shield            |    61 |    59 |    93 |   448 ||   661
       Reflection        |       |       |       |    12 ||    12
       Rpst.: Long sword |    10 |    10 |    19 |       ||    39

Table legend:
 A = Spawn XP
 B = Non-spawn XP
 C = Spawn XP percentage of total XP
 D = Spawn monster count
 E = Non-spawn monster count
 F = Spawn count percentage of total count
 G = Total turns spent on level
                    A         B        C        D         E        F      G
               +---------+---------+-------+---------+---------+-------+---------
         Total |       0 |   28378 |   0.0 |       0 |     332 |   0.0 | 13011
               +---------+---------+-------+---------+---------+-------+---------
           D:1 |       0 |      19 |   0.0 |       0 |      14 |   0.0 |   802
           D:2 |       0 |      44 |   0.0 |       0 |      14 |   0.0 |   748
           D:3 |       0 |     342 |   0.0 |       0 |      39 |   0.0 |  1020
           D:4 |       0 |     695 |   0.0 |       0 |      23 |   0.0 |  2000
           D:5 |       0 |     851 |   0.0 |       0 |      18 |   0.0 |   964
           D:6 |       0 |    1241 |   0.0 |       0 |      34 |   0.0 |  1314
           D:7 |       0 |    2456 |   0.0 |       0 |      27 |   0.0 |   789
           D:8 |       0 |     603 |   0.0 |       0 |      11 |   0.0 |   962
           D:9 |       0 |    3613 |   0.0 |       0 |      33 |   0.0 |  1134
          D:10 |       0 |    4873 |   0.0 |       0 |      45 |   0.0 |  1312
          D:11 |       0 |    7938 |   0.0 |       0 |      33 |   0.0 |   900
          D:12 |       0 |    5566 |   0.0 |       0 |      28 |   0.0 |   539
       Ossuary |       0 |     137 |   0.0 |       0 |      13 |   0.0 |   309
               +---------+---------+-------+---------+---------+-------+---------
